 Dungeon Crawl Stone Soup version 0.20-a0-689-g860b9ab (webtiles) character file.

287 Deathtrap2010 the Chopper (level 6, 0/55 HPs)
             Began as a Minotaur Fighter on Feb 19, 2017.
             Was an Initiate of the Shining One.
             Slain by Eustachio
             ... wielding a +0 rapier
              (6 damage)
             ... on level 4 of the Dungeon.
             The game lasted 00:12:45 (2503 turns).

Deathtrap2010 the Chopper (Minotaur Fighter)        Turns: 2503, Time: 00:12:46

Health: 0/55       AC:  8    Str: 23    XL:     6   Next: 8%
Magic:  5/5        EV:  8    Int:  5    God:    the Shining One [......]
Gold:   109        SH: 10    Dex:  9    Spells: 5/5 levels left

rFire    . . .     SeeInvis .   j - +2 war axe
rCold    . . .     Gourm    .   b - +0 scale mail
rNeg     . . .     Faith    .   c - +0 shield
rPois    .         Spirit   .   (helmet restricted)
rElec    .         Reflect  .   (no cloak)
rCorr    .         Harm     .   a - +0 pair of gloves
MR       .....                  (no boots)
Stlth    ..........             (no amulet)
Regen    0.2/turn               (no ring)
MPRegen  0.1/turn               (no ring)

@: glowing
A: retaliatory headbutt, horns 2
a: Renounce Religion


You were on level 4 of the Dungeon.
You worshipped the Shining One.
The Shining One was noncommittal.
You were very full.

You visited 1 branch of the dungeon, and saw 4 of its levels.

You collected 109 gold pieces.

Inventory:

Hand Weapons
 j - a +2 war axe (weapon)
Armour
 a - a +0 pair of gloves (worn)
 b - a +0 scale mail (worn)
 c - a +0 shield (worn)
Scrolls
 e - a scroll of remove curse
 i - 2 scrolls of teleportation
Potions
 d - 2 potions of might
 k - a potion of curing
 l - a potion of flight
Comestibles
 f - a bread ration
 g - 4 meat rations
 h - 8 fruits


   Skills:
 * Level 4.9 Fighting
 * Level 5.1 Axes
 * Level 5.0 Armour
 + Level 0.7 Dodging
 * Level 4.7 Shields


You had 5 spell levels left.
You didn't know any spells.

Dungeon Overview and Level Annotations

Branches:
Dungeon (4/15)
 Temple: D:4-7

Altars:
The Shining One

Annotations:
D:4 Eustachio


Innate Abilities, Weirdness & Mutations

You reflexively headbutt those who attack you in melee.
You have a pair of horns on your head.


Message History

You closely miss the river rat.
The river rat bites you but does no damage.
Eustachio casts a spell.
You block the gnoll's attack. The river rat bites you.
* * * LOW HITPOINT WARNING * * *
You closely miss Eustachio.
Eustachio is severely wounded.
You hit the river rat. You block the bat's attack.
Eustachio hits you with a rapier.
* * * LOW HITPOINT WARNING * * *
You block the gnoll's attack. The river rat barely misses you.
You furiously retaliate!
You headbutt the river rat. You miss Eustachio.
Eustachio is severely wounded.
You barely miss the river rat. You hit the rat.
You kill the rat!
The rat's corpse disappears in a puff of smoke!
You block the bat's attack. The gnoll hits you but does no damage.
Eustachio hits you with a rapier.
You die...

##..............).
#...##............
##.#.##............ .#####
##..#..#............
......##..###..#........?.#
........g##.##....#####..<#
........#g...##..## ##..#
.......##.b⌠..##..# #..#
......##..@@⌠..##... #...
....###..⌠r§.⌠..###... ....
.... ##..⌠r⌠..## ........
... ##..⌠..## ....... ..
##...## ......
......##.##..# ...... ###
..# ...... #... ...... #..


You could see Eustachio, 2 gnolls, 2 river rats and a bat.

Vanquished Creatures
  An ogre (D:4)
  A phantom (D:3)
  An orc priest (D:3)
  A gnoll (D:4)
  An adder (D:3)
  An ooze (D:3)
  3 worms
  2 dart slugs
  3 leopard geckos
  2 orcs (D:3)
  A giant cockroach (D:1)
  2 goblins
  6 hobgoblins
  5 jackals
  5 kobolds
  A quokka (D:3)
  7 bats
  2 frilled lizards
  2 rats (D:3)
  10 bushes (D:3)
  15 plants (D:3)
72 creatures vanquished.

Notes
Turn   | Place    | Note
-------+----------+-------------------------------------------
     0 | D:1      | Deathtrap2010 the Minotaur Fighter began the quest for the Orb.
     0 | D:1      | Reached XP level 1. HP: 19/19 MP: 0/0
   397 | D:1      | Reached XP level 2. HP: 27/27 MP: 1/1
   890 | D:2      | Reached XP level 3. HP: 32/33 MP: 2/2
  1262 | D:3      | Noticed a phantom
  1337 | D:3      | Killed a phantom
  1337 | D:3      | Reached XP level 4. HP: 31/41 MP: 3/3
  1465 | D:3      | Reached XP level 5. HP: 12/47 MP: 4/4
  2409 | D:4      | Noticed an ogre
  2417 | D:4      | Killed an ogre
  2417 | D:4      | Reached skill level 5 in Axes
  2417 | D:4      | Reached skill level 5 in Armour
  2417 | D:4      | Reached XP level 6. HP: 9/55 MP: 5/5
  2453 | D:4      | Found a glowing golden altar of the Shining One.
  2481 | D:4      | Noticed Eustachio
  2484 | D:4      | Became a worshipper of the Shining One
  2503 | D:4      | Slain by Eustachio

Vault maps used:
D:1:      shiori_shiawase, nrook_loot_triangle
D:2:      first_bread
D:3:      serial_forest, infiniplex_forest_clump_cross,
          infiniplex_forest_clump_long, infiniplex_forest_clump_curved,
          infiniplex_forest_lined_corner
D:4:      minmay_temple_entry_grid, tso_metal_star, uniq_eustachio, uniq_duvessa

Skill      XL: |  1  2  3  4  5 |
---------------+----------------+-----
Armour         | 4 5 |  5.0
Fighting       | 4 |  4.9
Axes           | 4 5 |  5.1
Shields        | 4 |  4.7
Dodging        | |  0.7

Action                   |  1- 3 |  4- 6 || total
-------------------------+-------+-------++-------
Melee: Hand axe          |     3 |       ||     3
       War axe           |    70 |   405 ||   475
       Headbutt          |     8 |   145 ||   153
  Use: Scroll            |     6 |       ||     6
       Potion            |     3 |       ||     3
  Eat: Bread ration      |     1 |     2 ||     3
Armor: Scale mail        |    44 |    25 ||    69
Dodge: Dodged            |    26 |    23 ||    49
Block: Shield            |    53 |    35 ||    88
